Map: Blackpink LE

Players

Scarlett - Winner!

  • Race: Zerg Zerg
  • League: Master
  • Spawn Location: 1:00

Ragnarok (SHIN)

  • Race: Zerg Zerg
  • League: Grandmaster
  • Spawn Location: 7:00

Event: Memes & Dreams Invitational

VOD

Have the link to the VOD?

Description

Time

  • Played on: April 13, 2018, 2:50 a.m.
  • Length: 4:58

All games in this series

Show
View Real Time Build Order
Export as new Build Order

Scarlett Zerg - Winner!

Build Orders: 1 Base Baneling Bust, Pool First, Zergling Baneling 

Get SALT Encoding   

  12  0:00  Drone  
  13  0:10  Extractor  
  12  0:23  Spawning Pool  
  11  0:28  Drone  
  11  0:33  Drone  
  13  0:39  Drone  
  14  0:50  Overlord  
  14  1:10  Zergling x4, Metabolic Boost  
  16  1:13  Zergling x2  
  17  1:22  Zergling x2  
  18  1:30  Baneling Nest  
  17  1:33  Zergling x2  
  18  1:44  Zergling x2  
  19  1:54  Queen  
  19  1:55  Zergling x2  
  22  2:05  Overlord  
  22  2:13  Baneling x2  
  22  2:23  Drone  
  22  2:29  Drone  
  22  2:58  Drone x2, Hatchery  
  22  3:02  Drone  
  22  3:03  Drone  
  22  3:04  Baneling  
  22  3:05  Drone  
  24  3:10  Zergling x2  
  25  3:17  Zergling x2  
  26  3:23  Overlord  
  26  3:29  Baneling  
  26  3:30  Baneling  
  26  3:34  Zergling x4  
  27  3:39  Zergling x4  
  29  3:42  Baneling  
  26  4:03  Baneling, Drone  
  26  4:04  Drone  
  27  4:10  Drone x2  
  27  4:11  Drone x2  
  27  4:12  Queen  
  33  4:21  Baneling x3  
  33  4:22  Zergling x2  
  34  4:27  Zergling x4  
  36  4:31  Baneling  
  36  4:36  Zergling x4  
  37  4:43  Baneling x2  
Show
View Real Time Build Order
Export as new Build Order

Ragnarok Zerg 

Build Orders: Pool First, Zergling Baneling 

Get SALT Encoding   

  12  0:00  Drone  
  13  0:08  Drone  
  14  0:17  Overlord  
  14  0:22  Extractor  
  14  0:23  Drone  
  15  0:35  Drone  
  15  0:36  Drone  
  17  0:45  Drone  
  17  0:49  Extractor  
  17  0:50  Spawning Pool  
  17  0:55  Drone  
  17  1:05  Drone  
  18  1:17  Hatchery  
  17  1:37  Queen, Zergling x2  
  20  1:40  Drone  
  20  1:42  Drone  
  22  1:48  Metabolic Boost  
  22  1:53  Overlord  
  22  2:12  Zergling x4  
  22  2:13  Baneling Nest  
  23  2:16  Queen  
  23  2:20  Zergling x2  
  26  2:31  Spine Crawler  
  26  2:32  Overlord  
  25  2:37  Evolution Chamber  
  25  2:44  Zergling x2  
  24  2:47  Zergling x6  
  27  2:57  Zergling x2  
  22  2:59  Baneling x2  
  22  3:09  Zergling x2  
  23  3:18  Zergling x2  
  24  3:28  Baneling x3  
  24  3:30  Zergling x4  
  24  3:31  Zergling x2  
  27  3:35  Zergling x2  
  28  3:44  Zergling x2  
  28  3:49  Baneling  
  28  3:50  Baneling  
  28  3:53  Zergling x2  
  27  3:57  Zergling x6  
  27  4:05  Zergling x2  
  27  4:16  Baneling x2  
  26  4:19  Zergling x2  
  27  4:27  Zergling x2  
  27  4:31  Baneling  
  28  4:36  Zergling x6  
  30  4:40  Zergling x2  
Tags
 
Add a new tag
Caveats
  • Supply blocks, unpowered buildings, or Contaminate may cause inaccurate times.
  • Supply counts are checked every 10 seconds.